 Dungeon Crawl Stone Soup version 0.30-a0-311-gf115ab0292 (webtiles) character file.

Game seed: 5708493070549034122

10 IdlyInterested the Conjurer (level 2, -1/20 HPs)
             Began as a Demonspawn Wanderer on Oct 25, 2022.
             Frozen to death by an endoplasm (5 damage)
             ... on level 1 of the Dungeon.
             The game lasted 00:02:43 (428 turns).

IdlyInterested the Conjurer (Demonspawn Wanderer)    Turns: 428, Time: 00:02:44

Health: -1/20      AC:  3    Str: 10    XL:     2   Next: 10%
Magic:  5/5        EV: 11    Int: 14    God:
Gold:   58         SH:  9    Dex: 13    Spells: 4/5 levels left

rFire   . . .      SeeInvis .    h - +0 trident
rCold   . . .      Faith    .    (no shield)
rNeg    . . .      Spirit   .    l - +0 robe
rPois   .          Reflect  +    (no helmet)
rElec   .          Harm     .    (no cloak)
rCorr   .          Rampage  .    (no gloves)
Will    .....                    j - +0 pair of boots
Stlth   ++........               i - amulet of reflection
HPRegen 0.23/turn                (no ring)
MPRegen 0.09/turn                (no ring)

@: no status effects
A: condensation shield
a: no special abilities


You were on level 1 of the Dungeon.
You visited 1 branch of the dungeon, and saw 1 of its levels.

You collected 58 gold pieces.

Inventory:

Hand Weapons
 a - a +0 dagger
 h - a +0 trident (weapon)
Armour
 f - a +0 ring mail
 j - a +0 pair of boots (worn)
 l - a +0 robe (worn)
Jewellery
 i - an amulet of reflection (around neck)
Scrolls
 g - 2 scrolls of fear {unknown}
Potions
 c - a potion of lignification
 e - a potion of curing
 k - a potion of brilliance {unknown}
Miscellaneous
 b - a piece from Xom's chessboard (15/15)


   Skills:
 * Level 0.9 Fighting
 * Level 1.4 Stealth
 - Level 2.0 Spellcasting
 - Level 4.0 Conjurations
 * Level 0.9 Necromancy
 - Level 3.0 Evocations


You had 4 spell levels left.
You knew the following spells:

 Your Spells              Type           Power      Damage    Failure   Level
a - Kiss of Death         Conj/Necr      32%        2d7       9%          1

Your spell library contained the following spells:

 Spells                   Type           Power      Damage    Failure   Level
 Mephitic Cloud           Conj/Pois/Air  5%         N/A       38%         3
 Gell's Gravitas          Tloc           1%         N/A       56%         3
 Teleport Other           Tloc           1%         N/A       56%         3
 Flame Wave               Conj/Fire      7%         2d5       71%         4
 Dispersal                Tloc           0%         N/A       100%        6


Dungeon Overview and Level Annotations

Branches:
Dungeon (1/15)

Altars:

Shops:
D:1 ?


Innate Abilities, Weirdness & Mutations

A meltable shield of frost defends you. (SH +4)


Message History

You drop a +0 robe.
Things that are here:
a +0 dagger; a goblin corpse You see here a +0 ring mail.
An endoplasm comes into view.
Found 4 poisoned darts.
A kobold comes into view.
It is wielding a +2 short sword of holy wrath.
Reach: h) +0 trident
Press: ? - help, Dir - move target, f - endoplasm
Aim: an endoplasm (asleep, about 2% to evade your +0 trident)
You reach to attack!
The helpless endoplasm fails to defend itself.
You hit the endoplasm.
The endoplasm is moderately wounded.
You hit the endoplasm.
The endoplasm is heavily wounded.
The kobold shouts!
The endoplasm freezes you.
You are frozen.
The endoplasm freezes you.
You are frozen.
You hit the endoplasm but do no damage.
The endoplasm is heavily wounded.
The endoplasm freezes you.
You are frozen.
* * * LOW HITPOINT WARNING * * *
You hit the endoplasm.
The endoplasm is severely wounded.
The endoplasm freezes you.
You are frozen.
* * * LOW HITPOINT WARNING * * *
You feel better. The endoplasm freezes you.
You are frozen.
* * * LOW HITPOINT WARNING * * *
You barely miss the endoplasm.
The endoplasm is severely wounded.
The endoplasm freezes you.
You are frozen.
You die...

#.# # #.##..# #.# .#
##.....# .#.##.# #
#.....## .#....#.#
#.....###### .#..###.#
........... ##..#...
.......... ....#.#
#......... .#....#
#####..J......
.#..#######.....@.K.....
.#.....#....####.....(..
.........#### #........
...###.### #########
[..#...# >.#).[.#
.##..#.# .#####.#
.......#


You could see an endoplasm and a kobold.

Vanquished Creatures
  2 goblins (D:1)
  A hobgoblin (D:1)
  A ball python (D:1)
  3 bats (D:1)
  4 rats (D:1)
11 creatures vanquished.

Notes
Turn   | Place    | Note
-------+----------+-------------------------------------------
     0 | D:1      | IdlyInterested the Demonspawn Wanderer began the quest for
                  | the Orb.
     0 | D:1      | IdlyInterested set off with the following items: a +0
                  | dagger, a piece from Xom's chessboard (15/15), a potion of
                  | lignification, a +0 robe, a potion of curing; and the
                  | following spell memorised: Kiss of Death; and the following
                  | spells available to memorise: Mephitic Cloud, Flame Wave.
     0 | D:1      | Reached XP level 1. HP: 13/13 MP: 3/3
   138 | D:1      | Found Reigofeo's Magic Scroll Shop.
   348 | D:1      | Gained mutation: A meltable shield of frost defends you.
                  | (SH +4) [demonic ancestry]
   348 | D:1      | Reached XP level 2. HP: 20/20 MP: 5/5
   428 | D:1      | Frozen to death by an endoplasm

Illustrated notes

Levels and vault maps discovered:
D:1:      onia_arrival_handbag, layout_basic, serial_shops,
          nicolae_diamond_shop, nicolae_shop_trees

Action                   || total
-------------------------++-------
Melee: Trident           ||    28
       Dagger            ||    16
 Cast: Kiss of Death     ||     1
  Use: Potion            ||     1
 Stab: Sleeping          ||     3
Armor: Ring mail         ||    17
       Robe              ||     2
Dodge: Dodged            ||    18

Table legend: (Time is in decaauts)
 A = Elapsed time spent in this place.
 B = Non-inter-level travel time spent in this place.
 C = Inter-level travel time spent in this place.
 D = Time resting spent in this place.
 E = Time spent auto-exploring this place.
 F = Levels seen in this place.
 G = Mean time per level.
                   A        B        C        D        E       F      G
               +--------+--------+--------+--------+--------+-----+--------+
         Total |    435 |    435 |      0 |      7 |    238 |   1 |  435.0 |
       Dungeon |    435 |    435 |      0 |      7 |    238 |   1 |  435.0 |
               +--------+--------+--------+--------+--------+-----+--------+

Top non-repeatable levels by time:
     D:1: 435 daAuts
